 Dungeon Crawl Stone Soup version 0.27-a0-765-ge4d627daa3 (console) character file.

Game seed: 13258782709118590861

301 jejorda2 the Poker (level 6, -4/49 HPs)
             Began as a Merfolk Berserker on Mar 24, 2021.
             Was a Believer of Trog.
             Slain by a killer bee (7 damage)
             ... on level 3 of the Dungeon.
             The game lasted 00:03:39 (1708 turns).

jejorda2 the Poker (Merfolk Berserker)              Turns: 1708, Time: 00:03:41

Health: -4/49      AC:  8    Str: 20    XL:     6   Next: 37%
Magic:  6/6        EV:  8    Int:  6    God:    Trog [**....]
Gold:   76         SH:  0    Dex: 13    Spells: 5/5 levels left

rFire    . . .     SeeInvis .   a - +0 spear
rCold    + . .     Faith    .   (no shield)
rNeg     . . .     Spirit   .   b - +0 chain mail
rPois    .         Reflect  .   (no helmet)
rElec    .         Harm     .   (no cloak)
rCorr    .         Rampage  .   (no gloves)
Will     ++...                  (no boots)
Stlth    ..........             (no amulet)
HPRegen  1.16/turn              k - ring of protection from cold
MPRegen  0.10/turn              (no ring)

@: lethally poisoned (-4 -> -4), berserk cooldown, regenerating (expiring),
slowed, very slow
A: (nimble swimmer 2), mertail
a: Renounce Religion, Berserk, Trog's Hand


You were on level 3 of the Dungeon.
You worshipped Trog.
Trog was pleased with you.
You visited 1 branch of the dungeon, and saw 3 of its levels.

You collected 76 gold pieces.

Inventory:

Hand Weapons
 a - a +0 spear (weapon)
Missiles
 h - 12 poisoned darts
Armour
 b - a +0 chain mail (worn)
Jewellery
 k - a ring of protection from cold (right hand)
Scrolls
 c - a scroll of immolation {unknown}
 e - a scroll of teleportation {unknown}
 j - a scroll of identify {unknown}
 m - a scroll of enchant armour {unknown}
Potions
 d - a potion of degeneration {unknown}
 f - a potion of might {unknown}
 g - a potion of lignification
 i - a potion of heal wounds
 l - a potion of haste {unknown}


   Skills:
 + Level 4.7 Fighting
 * Level 7.7 Polearms
 + Level 2.6 Armour
 - Level 2.6 Dodging


You had 5 spell levels left.
You didn't know any spells.
Your spell library was empty.

Dungeon Overview and Level Annotations

Branches:
Dungeon (3/15)

Altars:


Innate Abilities, Weirdness & Mutations

((You are quick and stealthy while swimming. (Stealth+, EV+, Speed+++)))
Your lower body shifts to a powerful aquatic tail in water.


Message History

* * * LOW HITPOINT WARNING * * *
The killer bee barely misses you.
It was a potion of heal wounds.
You feel much better. The killer bee closely misses you.
The killer bee stings you but does no damage. x2
Your skin crawls.
You feel strong-willed.
The killer bee stings you but does no damage.
An orc comes into view. It is wielding a +0 hand axe.
The killer bee barely misses you. The killer bee stings you.
You are poisoned.
The killer bee poisons you!
You hit the killer bee but do no damage.
The killer bee is lightly wounded.
You feel extremely sick. The killer bee stings you.
The orc hits you with a +0 hand axe.
* * * LOW HITPOINT WARNING * * *
The killer bee stings you but does no damage.
Unknown command.
You hit the killer bee but do no damage.
The killer bee is lightly wounded.
You feel sick.
The killer bee stings you but does no damage.
The orc hits you with a +0 hand axe.
* * * LOW HITPOINT WARNING * * *
The killer bee barely misses you.
You miss the killer bee.
The killer bee is lightly wounded.
You feel sick. The killer bee barely misses you. The killer bee stings you.
* * * LOW HITPOINT WARNING * * *
You are more poisoned.
The killer bee poisons you! The orc hits you but does no damage.
You miss the killer bee.
The killer bee is lightly wounded.
You feel the effects of Trog's Hand fading.
You feel very sick. The killer bee stings you.
* * * LOW HITPOINT WARNING * * *
The killer bee stings you!
You die...

#................
##.########.######
#####..$###### .#
......#......# .#
.####...##......#
##.## ....## #o#
... #y# .. #@# .
#.##.#o###.#
#..(..†....#
#.##########


You could see a killer bee and 2 orcs.

Vanquished Creatures
  A phantom (D:3)
  4 killer bees (D:3)
  An orc wizard (D:3)
  An adder (D:2)
  An orc (D:3)
  2 ball pythons
  3 endoplasms
  A giant cockroach (D:1)
  2 goblins (D:1)
  2 hobgoblins (D:1)
  A quokka (D:2)
  5 bats
  2 frilled lizards
  3 kobolds
  4 rats
33 creatures vanquished.

Vanquished Creatures (others)
  An orc (D:3)
1 creature vanquished.

Grand Total: 34 creatures vanquished

Notes
Turn   | Place    | Note
-------+----------+-------------------------------------------
     0 | D:1      | jejorda2 the Merfolk Berserker began the quest for the Orb.
     0 | D:1      | Reached XP level 1. HP: 18/18 MP: 1/1
   257 | D:1      | Reached XP level 2. HP: 24/24 MP: 2/2
   596 | D:1      | Reached skill level 5 in Polearms
   982 | D:2      | Reached XP level 3. HP: 22/29 MP: 3/3
  1350 | D:2      | Found Ema Ysuf's General Store.
  1578 | D:3      | Noticed a phantom
  1589 | D:3      | Killed a phantom
  1590 | D:3      | Reached skill level 6 in Polearms
  1590 | D:3      | Reached XP level 4. HP: 37/37 MP: 4/4
  1668 | D:3      | Reached ** piety under Trog
  1669 | D:3      | Reached XP level 5. HP: 35/42 MP: 5/5
  1683 | D:3      | Reached skill level 7 in Polearms
  1687 | D:3      | Reached XP level 6. HP: 49/49 MP: 6/6
  1708 | D:3      | Slain by a killer bee

Illustrated notes

Levels and vault maps discovered:
D:1:      minmay_arrival_stone_box, layout_loops_ring, serial_park_tiny_1,
          hangedman_decor_diamond_cutter
D:2:      layout_basic, serial_shops, nicolae_shop_trees
D:3:      layout_loops_ring, lemuel_crystal_altar, st_stairs_13

Skill      XL: |  1  2  3  4  5 |
---------------+----------------+-----
Polearms       | 5 6 7 |  7.7
Fighting       | 4 |  4.7
Armour         | 2 |  2.6
Dodging        | |  2.6

Action                   |  1- 3 |  4- 6 || total
-------------------------+-------+-------++-------
Melee: Spear             |    89 |    72 ||   161
Invok: Berserk           |     1 |     1 ||     2
       Trog's Hand       |       |     1 ||     1
  Use: Potion            |       |     2 ||     2
 Stab: Sleeping          |     1 |       ||     1
Armor: Animal skin       |     3 |       ||     3
       Chain mail        |     9 |    16 ||    25
       Scale mail        |     1 |       ||     1
       Skin              |       |    29 ||    29
Dodge: Dodged            |    21 |    15 ||    36

Table legend: (Time is in decaauts)
 A = Elapsed time spent in this place.
 B = Non-inter-level travel time spent in this place.
 C = Inter-level travel time spent in this place.
 D = Time resting spent in this place.
 E = Time spent auto-exploring this place.
 F = Levels seen in this place.
 G = Mean time per level.
                   A        B        C        D        E       F      G
               +--------+--------+--------+--------+--------+-----+--------+
         Total |   1689 |   1655 |     34 |     43 |   1357 |   3 |  563.0 |
       Dungeon |   1689 |   1655 |     34 |     43 |   1357 |   3 |  563.0 |
               +--------+--------+--------+--------+--------+-----+--------+

Top non-repeatable levels by time:
     D:1: 782 daAuts
     D:2: 723 daAuts
     D:3: 184 daAuts
